 Dungeon Crawl Stone Soup version 0.27-a0-869-g165b36e3f0 (webtiles) character file.

Game seed: 18343577110493124953

135 spiderkeys the Sneak (level 4, -1/21 HPs)
             Began as a Spriggan Enchanter on Apr 3, 2021.
             Slain by Ijyb
             ... wielding a +2 dagger of protection
              (7 damage)
             ... on level 3 of the Dungeon.
             The game lasted 00:05:54 (4139 turns).

spiderkeys the Sneak (Spriggan Enchanter)           Turns: 4139, Time: 00:05:54

Health: -1/21      AC:  2    Str:  4    XL:     4   Next: 96%
Magic:  2/10       EV: 18    Int: 16    God:
Gold:   143        SH:  0    Dex: 16    Spells: 7/10 levels left

rFire    + . .     SeeInvis +   a - +1 dagger
rCold    . . .     Faith    .   (shield restricted)
rNeg     . . .     Spirit   .   b - +0 robe
rPois    .         Reflect  .   (helmet restricted)
rElec    .         Harm     .   (no cloak)
rCorr    .         Rampage  .   (gloves unavailable)
Will     .....                  (boots unavailable)
Stlth    ++........             (no amulet)
HPRegen  0.07/turn              e - ring of protection from fire
MPRegen  0.12/turn              (no ring)

@: glowing, very quick
A: very small, no large weapons, unfitting armour, see invisible, speed 3
a: no special abilities


You were on level 3 of the Dungeon.
You visited 1 branch of the dungeon, and saw 3 of its levels.

You collected 143 gold pieces.

Inventory:

Hand Weapons
 a - a +1 dagger (weapon)
Armour
 b - a +0 robe (worn)
Jewellery
 e - a ring of protection from fire (left hand)
 o - a ring of ice
Scrolls
 c - a scroll of summoning {unknown}
 d - a scroll of noise {unknown}
 g - 2 scrolls of enchant armour
 j - a scroll of amnesia {unknown}
 n - a scroll of identify
Potions
 f - a potion of curing {unknown}
 h - 2 potions of haste
 i - a potion of attraction {unknown}
 k - a potion of heal wounds {unknown}
 l - a potion of flight {unknown}
 m - a potion of degeneration {unknown}


   Skills:
 + Level 2.5 Short Blades
 + Level 3.8 Dodging
 + Level 5.5 Stealth
 + Level 3.6 Spellcasting
 + Level 4.4 Hexes


You had 7 spell levels left.
You knew the following spells:

 Your Spells              Type           Power      Damage    Failure   Level
a - Corona                Hex            18%        N/A       2%          1
b - Ensorcelled Hibernat  Hex/Ice        20%        N/A       11%         2

Your spell library contained the following spells:

 Spells                   Type           Power      Damage    Failure   Level
 Confusing Touch          Hex            17%        N/A       9%          3
 Tukima's Dance           Hex            17%        N/A       9%          3
 Dazzling Flash           Conj/Hex       20%        N/A       22%         3


Dungeon Overview and Level Annotations

Branches:
Dungeon (3/15)

Altars:
Xom
Zin

Annotations:
D:3 Ijyb


Innate Abilities, Weirdness & Mutations

You are very small and have problems with some larger weapons.
You are too small for most types of armour.
You have supernaturally acute eyesight. (SInv)
You cover ground extremely quickly. (Speed+++)


Message History

The angel stares off into space for a moment.
Ijyb completely misses you.
Ijyb screams, "You nasty!
Big nasty!"
Ijyb barely misses you. Ijyb hits you but does no damage.
Ijyb completely misses you.
The angel hits itself but does no damage. x2
Casting: Ensorcelled Hibernation (safe; 11% risk of failure)
Confirm with . or Enter, or press ? or * to list all spells.
Aiming: Ensorcelled Hibernation (safe; 11% risk of failure)
Press: ? - help, Shift-Dir - straight line, f - Ijyb, p - endoplasm
Aim: Ijyb, wielding a +2 dagger of protection, wearing a +0 leather armour and carrying a wand of iceblast (9) (haloed, chance to affect: 50%) Ijyb resists with some effort.
Ijyb hits you with a +2 dagger of protection.
* * * LOW HITPOINT WARNING * * *
Casting: Ensorcelled Hibernation (safe; 11% risk of failure)
Confirm with . or Enter, or press ? or * to list all spells.
Aiming: Ensorcelled Hibernation (safe; 11% risk of failure)
Press: ? - help, Shift-Dir - straight line, f/p - Ijyb
Aim: Ijyb, wielding a +2 dagger of protection, wearing a +0 leather armour and carrying a wand of iceblast (9) (haloed, chance to affect: 50%) Ijyb resists with some effort.
Ijyb completely misses you.
Unknown command.
Press < or > to pray at altars.
Casting: Ensorcelled Hibernation (safe; 11% risk of failure)
Confirm with . or Enter, or press ? or * to list all spells.
Aiming: Ensorcelled Hibernation (safe; 11% risk of failure)
Press: ? - help, Shift-Dir - straight line, f/p - Ijyb
Aim: Ijyb, wielding a +2 dagger of protection, wearing a +0 leather armour and carrying a wand of iceblast (9) (haloed, chance to affect: 50%) Ijyb resists with some effort.
Ijyb hits you but does no damage.
Casting: Ensorcelled Hibernation (safe; 11% risk of failure)
Confirm with . or Enter, or press ? or * to list all spells.
Aiming: Ensorcelled Hibernation (safe; 11% risk of failure)
Press: ? - help, Shift-Dir - straight line, f/p - Ijyb
Aim: Ijyb, wielding a +2 dagger of protection, wearing a +0 leather armour and carrying a wand of iceblast (9) (haloed, chance to affect: 50%) Ijyb looks drowsy...
The helpless Ijyb fails to defend herself.
You impale Ijyb!!
Ijyb is severely wounded.
Ijyb hits you with a +2 dagger of protection!
You die...

#.......##.. #
###########
#.#..##.##.#####.####
#.#..##.##....).....#
.....##.##.##.##.##.#
#.#..............##.#
#.#.........####.##.###
#.......##..####.##...#
####.####...........#.#
... #......g@.....# #.#
#.....#####...# #.
#.....#A..#...#
#.....#...#...#
####.†#...#..##
#####..#####..#
.........(J....#
.#####........##
...........##


You could see an angel (mad), Ijyb and an endoplasm.

Vanquished Creatures
  6 adders
  2 worms (D:2)
  3 dart slugs (D:1)
  An orc (D:3)
  4 bats
  7 endoplasms
  11 giant cockroaches
  3 goblins
  5 hobgoblins
  5 jackals
  A quokka (D:2)
  4 ball pythons
  A frilled lizard (D:2)
  5 kobolds
  4 rats
62 creatures vanquished.

Notes
Turn   | Place    | Note
-------+----------+-------------------------------------------
     0 | D:1      | spiderkeys the Spriggan Enchanter began the quest for the
                  | Orb.
     0 | D:1      | Reached XP level 1. HP: 9/9 MP: 5/5
   371 | D:1      | Reached XP level 2. HP: 13/13 MP: 3/6
  1137 | D:1      | Reached XP level 3. HP: 16/16 MP: 8/8
  1746 | D:2      | Learned a level 2 spell: Ensorcelled Hibernation
  1846 | D:2      | Reached skill level 5 in Stealth
  2265 | D:2      | Reached XP level 4. HP: 9/21 MP: 0/10
  2831 | D:2      | Found a faded altar of an unknown god.
  3507 | D:3      | Noticed Ijyb
  3990 | D:3      | Noticed an angel
  3992 | D:3      | Found a glowing silver altar of Zin.
  3993 | D:3      | Found a shimmering altar of Xom.
  4139 | D:3      | Slain by Ijyb

Illustrated notes

Levels and vault maps discovered:
D:1:      amcnicky_arrival_underground_garden, layout_basic,
          kennysheep_small_spiral
D:2:      minmay_roachtagon, layout_basic, chequers_ecumenical_altar_grove
D:3:      layout_loops_cross, grunt_temple_overflow_order_and_chaos_1,
          uniq_ijyb, uniq_crazy_yiuf_cottage

Skill      XL: |  1  2  3 |
---------------+----------+-----
Dodging        | 3 |  3.8
Spellcasting   | 3 |  3.6
Hexes          | 4 |  4.4
Stealth        | 5 |  5.5
Short Blades   | 2 |  2.5

Action                   |  1- 3 |  4- 6 || total
-------------------------+-------+-------++-------
Melee: Dagger            |   158 |    94 ||   252
 Cast: Corona            |    20 |     5 ||    25
       Ensorcelled Hiber |     6 |    16 ||    22
  Use: Scroll            |       |     2 ||     2
 Stab: Sleeping          |    16 |    19 ||    35
Armor: Robe              |    19 |    15 ||    34
Dodge: Dodged            |   118 |    86 ||   204

Table legend: (Time is in decaauts)
 A = Elapsed time spent in this place.
 B = Non-inter-level travel time spent in this place.
 C = Inter-level travel time spent in this place.
 D = Time resting spent in this place.
 E = Time spent auto-exploring this place.
 F = Levels seen in this place.
 G = Mean time per level.
                   A        B        C        D        E       F      G
               +--------+--------+--------+--------+--------+-----+--------+
         Total |   3266 |   3132 |    134 |    202 |   2318 |   3 | 1088.7 |
       Dungeon |   3266 |   3132 |    134 |    202 |   2318 |   3 | 1088.7 |
               +--------+--------+--------+--------+--------+-----+--------+

Top non-repeatable levels by time:
     D:2: 1612 daAuts
     D:1: 1144 daAuts
     D:3: 510 daAuts
